TOP OF THE 1ST |
Texarkana Bears batting - Pitching for Gresham Gold Souls : RHP David Green
|
Pitching: RHP David Green
|
|
Batting: LHB Guy Moss
|
0-0: Swinging Strike 0-1: Foul Ball, location: 2F 0-2: Ball 1-2: Ball 2-2: Foul Ball, location: 2F 2-2: Fly out, F9 (Flyball, 89D)
|
Batting: RHB Juan Rico
|
0-0: Called Strike 0-1: Ball 1-1: Called Strike 1-2: Fly out, F3 (Popup, 3L)
|
Batting: RHB Lu-fang Huie
|
0-0: Called Strike 0-1: Called Strike 0-2: Strikes out swinging
|
Top of the 1st over - 0 run(s), 0 hit(s), 0 error(s), 0 left on base; Texarkana 0 - Gresham 0 |
BOTTOM OF THE 1ST |
Gresham Gold Souls batting - Pitching for Texarkana Bears : RHP Alberto Márquez
|
Pitching: RHP Alberto Márquez
|
|
Batting: LHB Bill Smith
|
0-0: Ground out U3 (Groundball, 34)
|
Batting: RHB Pablo Castillo
|
0-0: Called Strike 0-1: Called Strike 0-2: Ball 1-2: Ball 2-2: Strikes out looking
|
Batting: SHB Todd Smith
|
0-0: Ball 1-0: Ball 2-0: Called Strike 2-1: Fly out, F9 (Line Drive, 9)
|
Bottom of the 1st over - 0 run(s), 0 hit(s), 0 error(s), 0 left on base; Texarkana 0 - Gresham 0 |
TOP OF THE 2ND |
Texarkana Bears batting - Pitching for Gresham Gold Souls : RHP David Green
|
Batting: RHB Michael Barraclough
|
0-0: Fly out, F9 (Line Drive, 89M)
|
Batting: RHB Billy Campbell
|
0-0: Foul Ball, location: 2F 0-1: Ball 1-1: Swinging Strike 1-2: Ball 2-2: Strikes out swinging
|
Batting: LHB Sam Barnes
|
0-0: SINGLE (Line Drive, 4D)
|
Batting: LHB Alberto Medine
|
0-0: Called Strike 0-1: Ball 1-1: Foul Ball, location: 2F 1-2: Ball 2-2: SINGLE (Groundball, 34) (infield hit) Sam Barnes to second
|
Batting: LHB Tom Mullins
|
0-0: Ball 1-0: Called Strike 1-1: Ball 2-1: Ground out 4-3 (Groundball, 34D)
|
Top of the 2nd over - 0 run(s), 2 hit(s), 0 error(s), 2 left on base; Texarkana 0 - Gresham 0 |
BOTTOM OF THE 2ND |
Gresham Gold Souls batting - Pitching for Texarkana Bears : RHP Alberto Márquez
|
Batting: LHB Nick Scott
|
0-0: Called Strike 0-1: Ball 1-1: Called Strike 1-2: Ground out 6-3 (Groundball, 6)
|
Batting: RHB Mario Méndez
|
0-0: Ball 1-0: Ball 2-0: Called Strike 2-1: Called Strike 2-2: Ball 3-2: Fly out, F8 (Flyball, 8LD)
|
Batting: LHB Ezechiele Bruno
|
0-0: Called Strike 0-1: Ball Error on foul ball, E2 1-2: Ball 2-2: Foul Ball, location: 2F 2-2: Foul Ball, location: 2F 2-2: Foul Ball, location: 2F 2-2: Strikes out looking
|
Bottom of the 2nd over - 0 run(s), 0 hit(s), 1 error(s), 0 left on base; Texarkana 0 - Gresham 0 |
TOP OF THE 3RD |
Texarkana Bears batting - Pitching for Gresham Gold Souls : RHP David Green
|
Batting: RHB Steve Garneys
|
0-0: Ball 1-0: Foul Ball, location: 2F 1-1: Ground out 6-3 (Groundball, 6)
|
Batting: LHB Guy Moss
|
0-0: SOLO HOME RUN (Flyball, 9LD), Distance : 356 ft
|
Batting: RHB Juan Rico
|
0-0: Called Strike 0-1: Called Strike 0-2: Ball 1-2: Ball 2-2: Ball 3-2: Foul Ball, location: 2F 3-2: SINGLE (Line Drive, 8RS)
|
Batting: RHB Lu-fang Huie
|
0-0: Ball 1-0: Fielders Choice at 2nd, 6-4 (Groundball, 6)
|
Batting: RHB Michael Barraclough
|
0-0: Called Strike Lu-fang Huie steals 2nd base 0-1: Foul Ball, location: 2F 0-2: Ball 1-2: Ball 2-2: Foul Ball, location: 2F 2-2: Ball 3-2: Strikes out swinging
|
Top of the 3rd over - 1 run(s), 2 hit(s), 0 error(s), 1 left on base; Texarkana 1 - Gresham 0 |
BOTTOM OF THE 3RD |
Gresham Gold Souls batting - Pitching for Texarkana Bears : RHP Alberto Márquez
|
Batting: RHB Gabriel Miranda
|
0-0: Ball 1-0: Ball 2-0: SOLO HOME RUN (Flyball, 7LD), Distance : 362 ft
|
Batting: RHB Matt Davidson
|
0-0: Ball 1-0: Called Strike 1-1: Fly out, F2 (Popup, 2R)
|
Batting: SHB Sean Carr
|
0-0: Called Strike 0-1: SINGLE (Flyball, 7S)
|
Batting: LHB Bill Smith
|
0-0: Ball 1-0: Called Strike 1-1: Swinging Strike 1-2: Ball 2-2: Strikes out looking
|
Batting: RHB Pablo Castillo
|
0-0: Foul Ball, location: 2F 0-1: DOUBLE (Flyball, 7D) Sean Carr to third Runner from 3rd tries for Home, SAFE, no throw
|
Batting: SHB Todd Smith
|
0-0: Fly out, F8 (Line Drive, 8LD)
|
Bottom of the 3rd over - 2 run(s), 3 hit(s), 0 error(s), 1 left on base; Texarkana 1 - Gresham 2 |
TOP OF THE 4TH |
Texarkana Bears batting - Pitching for Gresham Gold Souls : RHP David Green
|
Batting: RHB Billy Campbell
|
0-0: Called Strike 0-1: Swinging Strike 0-2: SINGLE (Groundball, 56D)
|
Batting: LHB Sam Barnes
|
0-0: Called Strike 0-1: Fielders Choice at 2nd, 4-6 (Groundball, 4)
|
Batting: LHB Alberto Medine
|
0-0: Foul Ball, location: 2F 0-1: Ball 1-1: Ball 2-1: Ball 3-1: Base on Balls Sam Barnes to second
|
Batting: LHB Tom Mullins
|
0-0: Ball 1-0: Ball 2-0: Ball 3-0: Foul Ball, location: 2F 3-1: Base on Balls Sam Barnes to third Alberto Medine to second
|
Batting: RHB Steve Garneys
|
0-0: Ball 1-0: Called Strike 1-1: Foul Ball, location: 2F 1-2: Strikes out looking
|
Batting: LHB Guy Moss
|
0-0: Ball 1-0: Fly out, F7 (Flyball, 7)
|
Top of the 4th over - 0 run(s), 1 hit(s), 0 error(s), 3 left on base; Texarkana 1 - Gresham 2 |
BOTTOM OF THE 4TH |
Gresham Gold Souls batting - Pitching for Texarkana Bears : RHP Alberto Márquez
|
Batting: LHB Nick Scott
|
0-0: Called Strike 0-1: Swinging Strike 0-2: Ball 1-2: Strikes out swinging
|
Batting: RHB Mario Méndez
|
0-0: Ground out 6-3 (Groundball, 56D)
|
Batting: LHB Ezechiele Bruno
|
0-0: Ball 1-0: Called Strike 1-1: Ball 2-1: Foul Ball, location: 2F 2-2: Foul Ball, location: 2F 2-2: Foul Ball, location: 2F 2-2: Fly out, F7 (Flyball, 78S)
|
Bottom of the 4th over - 0 run(s), 0 hit(s), 0 error(s), 0 left on base; Texarkana 1 - Gresham 2 |
TOP OF THE 5TH |
Texarkana Bears batting - Pitching for Gresham Gold Souls : RHP David Green
|
Batting: RHB Juan Rico
|
0-0: Ball 1-0: Ball 2-0: Ball 3-0: Called Strike 3-1: Base on Balls
|
Batting: RHB Lu-fang Huie
|
0-0: Called Strike 0-1: Ball 1-1: Called Strike 1-2: Strikes out swinging
|
Batting: RHB Michael Barraclough
|
0-0: Called Strike Throwing error on steal attempt, E2 Juan Rico to third 0-1: Ball 1-1: Fly out, F9 (Flyball, 9D) Runner from 3rd tags up, SCORES, no throw
|
Batting: RHB Billy Campbell
|
0-0: Ball 1-0: Foul Ball, location: 2F 1-1: Fly out, F8 (Flyball, 89D)
|
Top of the 5th over - 1 run(s), 0 hit(s), 1 error(s), 0 left on base; Texarkana 2 - Gresham 2 |
BOTTOM OF THE 5TH |
Gresham Gold Souls batting - Pitching for Texarkana Bears : RHP Alberto Márquez
|
Batting: RHB Gabriel Miranda
|
0-0: Called Strike 0-1: Called Strike 0-2: Fly out, F9 (Flyball, 89M)
|
Batting: RHB Matt Davidson
|
0-0: Ball 1-0: Called Strike 1-1: Ball 2-1: Foul Ball, location: 2F 2-2: Foul Ball, location: 2F 2-2: Strikes out looking
|
Batting: SHB Sean Carr
|
0-0: Ball 1-0: Called Strike 1-1: Called Strike 1-2: Ground out U3 (Groundball, 3)
|
Bottom of the 5th over - 0 run(s), 0 hit(s), 0 error(s), 0 left on base; Texarkana 2 - Gresham 2 |
TOP OF THE 6TH |
Texarkana Bears batting - Pitching for Gresham Gold Souls : RHP David Green
|
Batting: LHB Sam Barnes
|
0-0: Called Strike 0-1: Ball 1-1: Foul Ball, location: 2F 1-2: Fly out, F5 (Popup, 5L)
|
Batting: LHB Alberto Medine
|
0-0: Foul Ball, location: 2F 0-1: Ball 1-1: Foul Ball, location: 2F 1-2: SINGLE (Groundball, 34D)
|
Batting: LHB Tom Mullins
|
0-0: Ball 1-0: Grounds into double play, U3-6 (Groundball, 3L)
|
Top of the 6th over - 0 run(s), 1 hit(s), 0 error(s), 0 left on base; Texarkana 2 - Gresham 2 |
BOTTOM OF THE 6TH |
Gresham Gold Souls batting - Pitching for Texarkana Bears : RHP Alberto Márquez
|
Batting: LHB Bill Smith
|
0-0: Ball 1-0: Foul Ball, location: 2F 1-1: Ball 2-1: Fly out, F4 (Popup, 4)
|
Batting: RHB Pablo Castillo
|
0-0: Ground out 6-3 (Groundball, 6M)
|
Batting: SHB Todd Smith
|
0-0: Ball 1-0: SOLO HOME RUN (Flyball, 89XD), Distance : 426 ft
|
Batting: LHB Nick Scott
|
0-0: Called Strike 0-1: Called Strike 0-2: Ball 1-2: TRIPLE (Flyball, 9LD)
|
Batting: RHB Mario Méndez
|
0-0: Ball 1-0: Called Strike 1-1: Ball 2-1: Foul Ball, location: 2F 2-2: Fly out, F8 (Flyball, 8LD)
|
Bottom of the 6th over - 1 run(s), 2 hit(s), 0 error(s), 1 left on base; Texarkana 2 - Gresham 3 |
TOP OF THE 7TH |
Texarkana Bears batting - Pitching for Gresham Gold Souls : RHP David Green
|
Batting: RHB Steve Garneys
|
0-0: Ball 1-0: Ball 2-0: Ball 3-0: Base on Balls
|
Batting: LHB Guy Moss
|
0-0: Ball 1-0: Foul Ball, location: 2F 1-1: Ball 2-1: Ball 3-1: Foul Ball, location: 2F 3-2: Fly out, F7 (Flyball, 7LMF)
|
Pitching: RHP Robbie O'Neil
|
|
Batting: RHB Juan Rico
|
0-0: Ball 1-0: Ball 2-0: Foul Ball, location: 2F 2-1: Ball 3-1: DOUBLE (Flyball, 89D) Steve Garneys to third
|
Pinch Hitting: LHB Mark Thomas
|
0-0: Foul Ball, location: 2F 0-1: Ball 1-1: Foul Ball, location: 2F 1-2: Ball 2-2: Strikes out swinging
|
Batting: RHB Michael Barraclough
|
0-0: Ball 1-0: Foul Ball, location: 2F 1-1: Foul Ball, location: 2F 1-2: Foul Ball, location: 2F 1-2: Strikes out swinging
|
Top of the 7th over - 0 run(s), 1 hit(s), 0 error(s), 2 left on base; Texarkana 2 - Gresham 3 |
BOTTOM OF THE 7TH |
Gresham Gold Souls batting - Pitching for Texarkana Bears : RHP Alberto Márquez
|
Now in RF: Mark Thomas
|
|
Batting: LHB Ezechiele Bruno
|
0-0: Foul Ball, location: 2F 0-1: Ball 1-1: Called Strike 1-2: Fly out, F7 (Flyball, 7LS)
|
Batting: RHB Gabriel Miranda
|
0-0: Ball 1-0: Called Strike 1-1: Called Strike 1-2: Ball 2-2: Ground out 6-3 (Groundball, 6)
|
Batting: RHB Matt Davidson
|
0-0: Fly out, F9 (Flyball, 9LS)
|
Bottom of the 7th over - 0 run(s), 0 hit(s), 0 error(s), 0 left on base; Texarkana 2 - Gresham 3 |
TOP OF THE 8TH |
Texarkana Bears batting - Pitching for Gresham Gold Souls : RHP Robbie O'Neil
|
Batting: RHB Billy Campbell
|
0-0: SOLO HOME RUN (Flyball, 7D), Distance : 389 ft
|
Batting: LHB Sam Barnes
|
0-0: Ball 1-0: Called Strike 1-1: Foul Ball, location: 2F 1-2: Strikes out swinging
|
Batting: LHB Alberto Medine
|
0-0: Called Strike 0-1: Ball 1-1: Foul Ball, location: 2F 1-2: SOLO HOME RUN (Flyball, 78D), Distance : 392 ft
|
Pitching: RHP León Trevino
|
|
Batting: LHB Tom Mullins
|
0-0: Ball 1-0: Called Strike 1-1: Ball 2-1: Foul Ball, location: 2F 2-2: Strikes out swinging
|
Batting: RHB Steve Garneys
|
0-0: Called Strike 0-1: Ground out 3-1 (Groundball, 34S)
|
Top of the 8th over - 2 run(s), 2 hit(s), 0 error(s), 0 left on base; Texarkana 4 - Gresham 3 |
BOTTOM OF THE 8TH |
Gresham Gold Souls batting - Pitching for Texarkana Bears : RHP Alberto Márquez
|
Pitching: RHP Kosami Tagawa
|
|
Now at 3B: Kun Liu
|
|
Batting: SHB Sean Carr
|
0-0: Ball 1-0: Ball 2-0: Fly out, F7 (Flyball, 7LMF)
|
Pitching: LHP Braydon Schute
|
|
Batting: LHB Bill Smith
|
0-0: Ball 1-0: Foul Ball, location: 2F 1-1: Foul Ball, location: 2F 1-2: Strikes out swinging
|
Batting: RHB Pablo Castillo
|
0-0: Ball 1-0: Foul Ball, location: 2F 1-1: Ball 2-1: Fly out, F8 (Line Drive, 8LM)
|
Bottom of the 8th over - 0 run(s), 0 hit(s), 0 error(s), 0 left on base; Texarkana 4 - Gresham 3 |
TOP OF THE 9TH |
Texarkana Bears batting - Pitching for Gresham Gold Souls : RHP León Trevino
|
Pitching: RHP Jamal Clayton
|
|
Batting: LHB Guy Moss
|
0-0: Ball 1-0: Foul Ball, location: 2F 1-1: Swinging Strike 1-2: Strikes out swinging
|
Batting: RHB Juan Rico
|
0-0: Ball 1-0: Ball 2-0: Ball 3-0: Called Strike 3-1: Fly out, F7 (Flyball, 7S)
|
Batting: LHB Mark Thomas
|
0-0: Foul Ball, location: 2F 0-1: Foul Ball, location: 2F 0-2: Ball 1-2: Ball 2-2: DOUBLE (Flyball, 8LD)
|
Batting: RHB Michael Barraclough
|
0-0: Ball 1-0: Ball 2-0: Called Strike 2-1: Foul Ball, location: 2F 2-2: Strikes out swinging
|
Top of the 9th over - 0 run(s), 1 hit(s), 0 error(s), 1 left on base; Texarkana 4 - Gresham 3 |
BOTTOM OF THE 9TH |
Gresham Gold Souls batting - Pitching for Texarkana Bears : LHP Braydon Schute
|
Pitching: RHP Asher Zasko
|
|
Pinch Hitting: LHB Chance Santry
|
0-0: Ground out 6-3 (Groundball, 6)
|
Batting: LHB Nick Scott
|
0-0: Ball 1-0: Foul Ball, location: 2F 1-1: Foul Ball, location: 2F 1-2: Strikes out swinging
|
Batting: RHB Mario Méndez
|
0-0: Swinging Strike 0-1: Ball 1-1: Fly out, F9 (Flyball, 9S)
|
Bottom of the 9th over - 0 run(s), 0 hit(s), 0 error(s), 0 left on base; Texarkana 4 - Gresham 3 |
|